AoeStats
← Jaimeka 3K

Arabia

506768873Analyzed
2v2 RM · 17d ago on Sep 15, 2026· 58m 27s· 4 players
Game mode
Random Map
Map size
Medium (4 player)
Population
200
Speed
Normal
Resources
Standard
Victory
Conquest
Starting age
Dark Age
Ending age
Imperial Age
RankedLock teamsTeams togetherTeam positionsShared explorationLock speedFull tech treeHidden civsTurbo modeCheats
Victory
Defeat
🇨🇱 Ethiopians · Chile
851
+13
🇨🇱 Mongols · Chile
837
+14
🇻🇪 Sicilians · Venezuela
824
-15
🇻🇪 Maya · Venezuela
754
-12
raysukef5
6:23 Loom
12:07 Feudal Age
12:37 Double-Bit Axe
12:34 Horse Collar
21:29 Castle Age
21:08 Scale Mail Armor
21:26 Forging
22:17 Heavy Plow
22:49 Bow Saw
26:11 Stone Mining
26:15 Gold Mining
26:30 Elite Skirmisher
28:49 Wheelbarrow
28:00 Town Watch
29:31 Chain Mail Armor
29:51 Iron Casting
30:38 Fletching
30:49 Padded Archer Armor
32:27 Stone Shaft Mining
32:28 Gold Shaft Mining
33:41 Hand Cart
34:02 Leather Archer Armor
33:42 Bodkin Arrow
45:51 Imperial Age
48:27 Crop Rotation
50:23 Plate Mail Armor
50:53 Blast Furnace
49:54 Bracer
GUOL0L0 JhosDash
7:42 Loom
11:26 Feudal Age
11:57 Double-Bit Axe
20:02 Castle Age
18:30 Gold Mining
21:26 Elite Skirmisher
22:10 Padded Archer Armor
23:18 Horse Collar
24:05 Bow Saw
26:20 Leather Archer Armor
28:17 Wheelbarrow
29:55 Hand Cart
31:19 Crossbowman
37:11 Imperial Age
34:43 Eagle Warrior
40:26 Ring Archer Armor
45:02 Two-Man Saw
50:53 Man-at-Arms
TheSeb
0:26 Loom
10:55 Feudal Age
11:39 Double-Bit Axe
15:05 Wheelbarrow
15:25 Town Watch
15:38 Horse Collar
17:11 Stone Mining
22:44 Castle Age
22:12 Padded Archer Armor
22:03 Fletching
22:51 Gold Mining
26:29 Bow Saw
26:50 Leather Archer Armor
26:31 Bodkin Arrow
27:17 Gold Shaft Mining
31:05 Hand Cart
38:21 Imperial Age
38:25 Capped Ram
41:27 Siege Ram
42:34 Conscription
43:08 Bracer
50:17 Coinage
49:52 Caravan
53:12 Scale Barding Armor
53:18 Forging
53:17 Heavy Camel Rider
57:25 Chain Barding Armor
Jaimeka 3K
0:35 Loom
11:12 Feudal Age
11:55 Double-Bit Axe
14:56 Wheelbarrow
16:54 Horse Collar
22:36 Castle Age
21:35 Stone Mining
21:38 Gold Mining
24:27 Heavy Plow
27:12 Hand Cart
27:58 Gold Shaft Mining
30:50 Imperial Age
30:30 Crossbowman
31:36 Town Watch
33:30 Chemistry
32:41 Squires
35:38 Conscription
35:37 Forging
35:27 Scale Mail Armor
35:18 Fletching
35:28 Padded Archer Armor
35:50 Arbalester
36:59 Ballistics
39:56 Thumb Ring
39:51 Murder Holes
46:35 Leather Archer Armor
49:38 Chain Mail Armor
49:55 Ring Archer Armor
49:21 Bodkin Arrow
50:03 Iron Casting
49:43 Chain Mail Armor
51:59 Bracer
53:35 Royal Heirs
55:42 Elite Shotel Warrior
59:06 Plate Mail Armor
Connection lost

Rejoining the realm…

Still unreachable

The connection could not be restored.

Session expired

The server has moved on; the page needs a fresh start.